[Event "*** SCC Grand Prix: Titled Tuesday Blitz"]
[Site "Chess.com"]
[Date "2020.06.09"]
[Round "3"]
[White "Lion-Al-Messi"]
[Black "Kimster98"]
[Result "1-0"]
[WhiteElo "2403"]
[BlackElo "2569"]
[TimeControl "180+1"]
[EndTime "9:30:36 PDT"]
[Termination "Lion-Al-Messi won by checkmate"]

1. e4 d5 2. exd5 Qxd5 3. Nc3 Qd8 4. Nf3 Nf6 5. d4 Bg4 6. Be2 Bxf3 7. Bxf3 c6 8. O-O e6 9. Bf4 Bd6 10. Qd2 Bxf4 11.
Qxf4 O-O 12. Rfe1 Nbd7 13. Rad1 Nd5 14. Qg3 Nxc3 15. bxc3 Nf6 16. c4 Qb8 17. Qe5 Rd8 18.
h3 Qxe5 19. Rxe5 Rd6 20. c3 Rad8 21. Rb1 R6d7 22. a4 Rc7 23. a5 Nd7 24. Re2 Rb8 25.
Reb2 b6 26. axb6 axb6 27. c5 b5 28. c4 b4 29. Rxb4 Rxb4 30. Rxb4 Kf8 31. Ra4 e5 32. dxe5 Nxe5 33. Be4 Nd7 34. Ra5 Ke7 35. f4 g6 36.
g4 Ke6 37. Kf2 f5 38. gxf5+ gxf5 39. Bf3 Nf6 40. Ke3 Ng8 41. Ra8 Ne7 42. Rh8 Ng6 43.
Rd8 Ne7 44. Rd6+ Kf7 45. Kd4 Ng6 46. Rxc6 Re7 47. Rd6 Nxf4 48. c6 Ne6+ 49. Kc3 Nc7 50. Bd5+ Ke8 51. Rf6 Re5 52. Kd4 Re1 53. Rxf5 Na6 54.
Re5+ Rxe5 55. Kxe5 Ke7 56. Kf5 Nc7 57. Kg5 Ne8 58.
Kh6 Nf6 59. h4 Kd6 60. Kg7 Nh5+ 61. Kxh7 Nf4 62. Kg7 Nh5+ 63. Kg6 Ng3 64. h5 Ne2 65. h6 Nf4+ 66. Kg7 Nh5+ 67. Kf7 Nf4 68. h7 Nh3 69. h8=Q Ng5+ 70. Kg7 Ke5 71. Qh6 Kf4 72. Qf6+ Kg4 73. Qg6 Kf4 74. Qxg5+ Kxg5 75. c7 Kf4 76. c8=Q Ke3 77.
Qe6+ Kd4 78. Qe4+ Kc3 79. Qe3+ Kb4 80. c5 Kb5 81. c6 Ka5 82. c7 Kb5 83. Qc3 Kb6 84.
Qc6+ Ka5 85. Qb7 Ka4 86. c8=Q Ka3 87. Qca8# 1-0

[Event "*** SCC Grand Prix: Titled Tuesday Blitz"]
[Site "Chess.com"]
[Date "2020.06.09"]
[Round "3"]
[White "Pomegranate988"]
[Black "Danesz22"]
[Result "1-0"]
[WhiteElo "2562"]
[BlackElo "2349"]
[TimeControl "180+1"]
[EndTime "9:30:39 PDT"]
[Termination "Pomegranate988 won on time"]

1. d4 d5 2. c4 c6 3. Nf3 Nf6 4. e3 e6 5. Nc3 Nbd7 6. b3 Bd6 7. Bd3 O-O 8. O-O b6 9. e4 dxe4 10. Nxe4 Nxe4 11. Bxe4 Bb7 12. Qc2 h6 13. Rd1 Qe7 14. Bb2 Nf6 15. Bd3 c5 16. Qe2 Rad8 17. Bc2 cxd4 18.
Nxd4 Ba3 19. Bxa3 Qxa3 20. Nb5 Qe7 21. Qe5 a6 22. Nd6 Qc7 23. Rd2 Ba8 24. Rad1 Qc6 25.
f3 Nd7 26. Qe3 Nf6 27. Ne4 Rxd2 28. Rxd2 Nxe4 29. Bxe4 Qc7 30. Bxa8 Rxa8 31. Qd4 Rc8 32. Qd6 b5 33. Qxc7 Rxc7 34. cxb5 axb5 35. Kf2 Kf8 36.
Ke3 Ke7 37. Kd3 Rd7+ 38. Kc2 Rxd2+ 39. Kxd2 b4 40. Kd3 e5 41. Kc4 Kd6 42. Kxb4 Kd5 43. Kc3 f5 44. a4 g5 45. b4 h5 46. a5 h4 47. a6 Kc6 48. b5+ Kb6 49. Kc4 e4 50. fxe4 f4 51. Kd3 g4 52. e5 f3 53. gxf3 g3 54. hxg3 h3 55. e6 h2 56.
e7 h1=Q 57. e8=Q Qd1+ 58. Kc3 Qc1+ 59. Kd4 Qd2+ 60. Kc4 Qc2+ 61. Kd5 Qd3+ 62. Ke6 Qb3+ 63. Kd7 Qxb5+ 64. Kd8 Qg5+ 65. Qe7 Qxg3 66. Qe6+ 1-0

[Event "*** SCC Grand Prix: Titled Tuesday Blitz"]
[Site "Chess.com"]
[Date "2020.06.09"]
[Round "3"]
[White "Rinas_Oleg"]
[Black "Omk124"]
[Result "0-1"]
[WhiteElo "2214"]
[BlackElo "2425"]
[TimeControl "180+1"]
[EndTime "9:30:40 PDT"]
[Termination "Omk124 won on time"]

1. e4 g6 2. d4 Bg7 3. Ne2 c6 4. Nbc3 d6 5. g3 Nf6 6. Bg2 O-O 7. O-O Nbd7 8. h3 e5 9. Be3 Qe7 10. Qd2 Rd8 11. Bh6 Bh8 12. Rad1 Nb6 13. b3 Be6 14. f4 Re8 15. f5 Bd7 16. g4 Rad8 17. g5 Nh5 18. f6 Nxf6 19. gxf6 Bxf6 20. Rxf6 Qxf6 21.
Bg5 Qg7 22. Bxd8 Rxd8 23. dxe5 dxe5 24. Qd6 Re8 25. a4 Be6 26. a5 Nc8 27. Qc7 Qh6 28. Rd8 Rxd8 29. Qxd8+ Kg7 30. Qd3 a6 31. Kh2 Qg5 32. Qg3 Qf6 33. Qf3 Qg5 34. Qg3 Qf6 35.
Bf3 Ne7 36. Bg4 Bxg4 37. hxg4 Qg5 38. Kh3 Ng8 39. Ng1 Nf6 40. Nf3 Qe3 41. Nxe5 Qc5 42.
Nc4 Qd4 43. e5 Nxg4 44. Qxg4 Qxc3+ 45. Qg3 Qxc2 46. Qf3 Qb1 47. Nd6 Kh6 48. Qf4+ Kg7 49. Qxf7+ Kh6 50. Qf4+ Kg7 51. Ne8+ Kg8 52. Nf6+ Kg7 53.
Ng4 Qxb3+ 54. Qg3 Qe6 55. Qf4 h5 56. Qh6+ Kf7 57. Qh7+ Ke8 58. Qh8+ Kd7 59. Qg7+ Kc8 60. Qf8+ Kc7 61. Qd6+ Qxd6 62. exd6+ Kxd6 63. Ne3 c5 64. Kh4 Ke5 65. Kg5 Kd4 66. Nc2+ Kd3 67. Na3 c4 68.
Kxg6 h4 69. Kf5 h3 70. Kf4 h2 0-1

[Event "*** SCC Grand Prix: Titled Tuesday Blitz"]
[Site "Chess.com"]
[Date "2020.06.09"]
[Round "3"]
[White "Flawless_Fighter"]
[Black "Anton_Demchenko"]
[Result "0-1"]
[WhiteElo "2614"]
[BlackElo "2816"]
[TimeControl "180+1"]
[EndTime "9:30:41 PDT"]
[Termination "Anton_Demchenko won by resignation"]

1. e4 e5 2. Nf3 Nc6 3. Bb5 a6 4.
Ba4 Nge7 5. O-O Ng6 6. c3 d6 7. d4 Bd7 8. Re1 Be7 9. c4 b5 10.
cxb5 Nxd4 11. Nxd4 exd4 12. bxa6 c5 13. Nd2 O-O 14.
Bxd7 Qxd7 15. Nc4 Rxa6 16. Bd2 Rfa8 17. a3 Ne5 18. Qc2 Qb5 19. Nxe5 dxe5 20. Rac1 Rb6 21.
b4 cxb4 22. Bxb4 Bxb4 23. axb4 h6 24. Qc5 f6 25. g3 Kh7 26. Rc4 Rab8 27. h4 Qd7 28.
Rb1 Rb5 29. Qc7 Qxc7 30. Rxc7 Rxb4 31. Rxb4 Rxb4 32. Rd7 h5 33. Kg2 Rb3 34. Kf1 Kg6 35.
Ke2 Ra3 36. Kd2 Ra2+ 37. Ke1 Kh6 38. Kf1 Kh7 39. Kg2 Kg8 40. Kf3 Ra8 41. Ke2 Kf8 42. Kd3 Ra3+ 43. Ke2 Rc3 44. Kd2 Rc8 45. Ke2 Re8 46.
Kd3 Re7 47. Rd8+ Kf7 48. f4 Rc7 49. Rd5 Rc3+ 50. Ke2 Ke6 51. Kf2 Re3 52. fxe5 fxe5 53. Ra5 Rxe4 54. Ra6+ Kf5 55. Ra7 Rg4 56. Rf7+ Ke4 57.
Rf8 Kd3 58. Rh8 g6 59. Ra8 g5 60. Ra3+ Ke4 61. hxg5 Rxg5 62. Ra8 Rf5+ 63. Ke2 d3+ 64. Kd2 Rf2+ 65. Ke1 Ke3 66. Ra3 e4 67. g4 Rg2 68.
Kf1 Rxg4 69. Ra1 h4 70. Re1+ Kd4 71. Ra1 h3 72. Ra4+ Ke3 73. Ra2 Rg2 74. Ra8 Rf2+ 75.
Kg1 Rc2 76. Re8 d2 77. Rd8 Rc1+ 78. Kh2 d1=Q 0-1

[Event "*** SCC Grand Prix: Titled Tuesday Blitz"]
[Site "Chess.com"]
[Date "2020.06.09"]
[Round "3"]
[White "Igor_Lysyj"]
[Black "LuckSlayeer"]
[Result "1-0"]
[WhiteElo "2753"]
[BlackElo "2453"]
[TimeControl "180+1"]
[EndTime "9:30:51 PDT"]
[Termination "Igor_Lysyj won by resignation"]

1. d4 Nf6 2. c4 e6 3. Nf3 Bb4+ 4. Bd2 Qe7 5. g3 Bxd2+ 6. Qxd2 Nc6 7. e3 d5 8. Bg2 Ne4 9. Qc1 O-O 10. O-O Rd8 11.
Nc3 Nf6 12. Nd2 h6 13. a3 dxc4 14. Nxc4 Bd7 15. b4 a6 16. Qb2 Be8 17. Rfd1 Rab8 18.
Rac1 Na7 19. Na5 b6 20. Nb3 Bc6 21. e4 Bb7 22. Qe2 e5 23. h3 exd4 24. Nxd4 Qe5 25.
f4 Qe8 26. Nf5 Rxd1+ 27. Rxd1 Rd8 28. Rxd8 Qxd8 29. e5 Bc8 30. Ne3 Ne8 31. f5 c6 32.
Qd1 Qc7 33. Qd4 a5 34. g4 axb4 35. axb4 c5 36. bxc5 bxc5 37. Qf4 Nc6 38. Ned5 Qa5 39. Qe3 Nd4 40. Ne7+ Kf8 41. Nxc8 Qxc3 42. Qxc3 Ne2+ 43. Kf2 Nxc3 44. Nb6 Nb5 45. Nd7+ Ke7 46. Nxc5 Nec7 47.
Ke3 Nc3 48. Kd3 N3d5 49. Bxd5 Nxd5 50. Ke4 Nc3+ 51. Kf3 Nd5 52. Nd3 Nc3 53. Nf4 Nb5 54. Ke3 Nc3 55. Kf3 Nb5 56. Nh5 Kf8 57. Ke3 g6 58. Nf6 gxf5 59. gxf5 Kg7 60. Nd5 Na3 61. h4 Nc4+ 62. Kf4 Nd2 63. h5 Nc4 64. f6+ Kf8 65. Ne3 Nb6 66. Nf5 Nd5+ 67. Kg3 Nc3 68. Nxh6 Ne4+ 69.
Kf4 Nc5 70. Nf5 Ne6+ 71. Ke3 Kg8 72. Nd4 Ng5 73. Kf4 Nh3+ 74. Kf5 Nf2 75. e6 fxe6+ 76.
Nxe6 Nd3 77. Ng5 Kf8 78. h6 Kg8 79. h7+ Kh8 80. f7 1-0

[Event "*** SCC Grand Prix: Titled Tuesday Blitz"]
[Site "Chess.com"]
[Date "2020.06.09"]
[Round "3"]
[White "Zurability"]
[Black "MateSchmate"]
[Result "1-0"]
[WhiteElo "2685"]
[BlackElo "2431"]
[TimeControl "180+1"]
[EndTime "9:30:51 PDT"]
[Termination "Zurability won by checkmate"]

1. c4 c5 2. Nc3 Nc6 3. e3 e5 4.
Nf3 g6 5. d4 exd4 6. exd4 cxd4 7. Nxd4 Bg7 8. Ndb5 Qe7+ 9. Be2 Be5 10. Nd5 Qd8 11.
O-O a6 12. Nbc3 Nge7 13. Bh6 Nf5 14. Bf4 O-O 15. Bxe5 Nxe5 16. Re1 d6 17. Bf1 Be6 18. Qd2 Rc8 19. b3 Qa5 20. Rad1 Kg7 21. Nf4 Rfd8 22. Nxe6+ fxe6 23. h3 Kf7 24. f4 Nc6 25. Ne4 h6 26. Qxa5 Nxa5 27. g4 Nh4 28. Kf2 d5 29. Nd2 g5 30.
Kg3 Ng6 31. fxg5 hxg5 32. Nf3 Kf6 33. cxd5 Rxd5 34. Rxd5 exd5 35. Bd3 Nf4 36. Bf5 Rc3 37. h4 Nh5+ 38. Kf2 Ng7 39. hxg5+ Kf7 40. Ne5+ Kg8 41. Bg6 Nc6 42. Nd7 d4 43. Nf6+ Kf8 44. Be4 Ne6 45.
Bxc6 Rxc6 46. Nd7+ Kg7 47. Ne5 Rc2+ 48. Re2 Rxe2+ 49.
Kxe2 Nxg5 50. Kd3 Kf6 51. Nd7+ Ke6 52. Nc5+ Kd5 53. Nxb7 Ne4 54. Na5 Nc5+ 55. Kd2 Ke4 56. Nc6 Ne6 57. b4 Ng5 58. a4 Nf3+ 59. Kd1 d3 60. b5 axb5 61. axb5 Ke3 62. b6 Ng1 63. b7 Ne2 64. b8=Q Nc3+ 65. Kc1 d2+ 66. Kc2 d1=Q+ 67.
Kxc3 Qc1+ 68. Kb4 Qb2+ 69. Kc5 Qc3+ 70. Kd6 Qd3+ 71. Kc7 Qh7+ 72. Kc8 Qg6 73. Qe5+ Kf2 74. Qf4+ Kg2 75. Ne5 Qe8+ 76. Kc7 Qe7+ 77. Kc6 Qe6+ 78. Kc5 Qe7+ 79. Kd5 Qb7+ 80. Ke6 Qc8+ 81. Kf6 Qf8+ 82.
Kg5 Qg7+ 83. Ng6 Kh3 84. Qf3+ Kh2 85. Qf6 Qd7 86. Ne5 Qd2+ 87. Qf4+ Kh3 88. Qxd2 Kg3 89. Qe3+ Kh2 90. Kf4 Kh1 91. Qd2 Kg1 92. Kg3 Kf1 93. Qd1# 1-0

[Event "*** SCC Grand Prix: Titled Tuesday Blitz"]
[Site "Chess.com"]
[Date "2020.06.09"]
[Round "3"]
[White "novendrapriasmoro"]
[Black "Tesla37"]
[Result "0-1"]
[WhiteElo "2669"]
[BlackElo "2927"]
[TimeControl "180+1"]
[EndTime "9:30:53 PDT"]
[Termination "Tesla37 won on time"]

1. e4 c5 2. Nf3 e6 3. d4 cxd4 4. Nxd4 Nc6 5. Nc3 a6 6. Nxc6 bxc6 7. Bd3 d5 8. O-O Nf6 9. Re1 Be7 10. e5 Nd7 11.
Qg4 Kf8 12. Bf4 Rb8 13. Rab1 h5 14. Qf3 Bb7 15. h3 c5 16. Bh2 Kg8 17. b3 g6 18. Ne2 Kg7 19. Nf4 Nf8 20. Rbd1 Qa5 21. a4 Ba8 22. Qe2 Bb7 23. Qf3 Qb6 24. Qe2 Rd8 25.
Rb1 a5 26. c4 d4 27. Be4 Nh7 28. Nd3 h4 29. Bf4 Rb8 30. Qg4 Bxe4 31. Rxe4 Qc6 32. f3 Rb7 33. Bd2 Rhb8 34. Nc1 Qc7 35. Re1 Kg8 36. Qe4 Nf8 37. Qc2 Nd7 38. Nd3 Qc6 39.
Rb2 Qc7 40. Reb1 Qd8 41. Qd1 Bg5 42. f4 Be7 43. Qe1 Qc7 44. Bxa5 Qc6 45. Bd2 Ra8 46. a5 Nb8 47. Nf2 Na6 48. Ne4 Kg7 49. Nf6 Rh8 50. Qe4 Qc8 51. Ng4 Nb4 52. Bxb4 Rxb4 53. Nf2 Qa6 54.
Nd3 Rbb8 55. Ra2 Rb7 56. Qe2 Rhb8 57. Qc2 Ra8 58. Kh2 Qc6 59. Nf2 Rba7 60. Rba1 Qc7 61. Qd2 Qb7 62. Qc2 Qb4 63. Nd3 Qb7 64. Nf2 Qc7 65.
a6 Qb6 66. Nd3 Rxa6 67. Rxa6 Rxa6 68. Rxa6 Qxa6 69. Qb2 Qa5 70. Kg1 Bf8 71. Kf2 Be7 72. Ke2 f5 73. exf6+ Bxf6 74. Qd2 Qa8 75. Kf2 Qc6 76. Qe2 Qb6 77. Qf3 Qxb3 78. Nxc5 Qxc4 79. Nd7 d3 0-1

[Event "*** SCC Grand Prix: Titled Tuesday Blitz"]
[Site "Chess.com"]
[Date "2020.06.09"]
[Round "3"]
[White "NewBornNow"]
[Black "Bigfish1995"]
[Result "0-1"]
[WhiteElo "2704"]
[BlackElo "2985"]
[TimeControl "180+1"]
[EndTime "9:30:54 PDT"]
[Termination "Bigfish1995 won by resignation"]

1. e4 c6 2. d4 d5 3. Nc3 dxe4 4. Nxe4 Nd7 5. Bd3 Ngf6 6. Ng5 g6 7. N1f3 Bg7 8. O-O O-O 9. c3 c5 10. Re1 cxd4 11. Nxd4 Nc5 12. Bc4 Ne8 13. Nc6 Qxd1 14. Nxe7+ Kh8 15. Rxd1 Be6 16. Nd5 Nd6 17. Nxe6 fxe6 18.
Ne3 Rad8 19. Bf1 Nde4 20. f3 Nf6 21. Bd2 Na4 22. Rab1 a6 23. Be1 Bh6 24. Bf2 Rxd1 25. Nxd1 Rc8 26. Bd4 Bg7 27. b3 Nc5 28. c4 Nfd7 29. Be3 e5 30. Nf2 Ne6 31. Rd1 Nd4 32. f4 Nf8 33. fxe5 Nc2 34. Bf4 Ne6 35. Bg3 Ne3 36.
Rd6 Re8 37. Ne4 Nf5 38. Rd7 Nxg3 39. hxg3 Bxe5 40. Rxb7 Nd4 41. Bd3 Nf5 42. g4 Bd4+ 43.
Kh2 Ne3 44. Kg3 Rf8 45. Re7 h5 46. Ng5 Bf6 47. Rh7+ Kg8 48. Bxg6 Bxg5 49. Rxh5 Bf4+ 50. Kf3 Nd1 51. Rf5 Bc1 52. Rxf8+ Kxf8 53. Ke2 Nc3+ 54. Kd3 Nxa2 55. c5 Ke7 56. Kc4 Ba3 57. Be4 Nb4 58. g5 a5 59. g6 Kf6 60. g4 Na2 61. c6 Bd6 62. Bf5 Bc7 63. Kb5 Nb4 64. Kc5 Kg7 65. Kc4 Kf6 66. Kc5 Kg7 67. Kb5 Kf8 68. Kc4 Nxc6 69. Kc5 Nb4 70. Kb5 Kg7 71.
Be4 Bd8 72. Bf5 Na2 73. Bd3 Nc3+ 74. Kc4 Nd1 75. b4 Nb2+ 76. Kc3 Nxd3 77. bxa5 Ne5 78. a6 Nc6 79. Kc4 Na7 80. Kc5 Bg5 81. Kb6 Be3+ 82. Kb7 Kxg6 83. g5 Kxg5 0-1

[Event "*** SCC Grand Prix: Titled Tuesday Blitz"]
[Site "Chess.com"]
[Date "2020.06.09"]
[Round "3"]
[White "Skatchkov_V"]
[Black "gui_borba"]
[Result "0-1"]
[WhiteElo "2544"]
[BlackElo "2348"]
[TimeControl "180+1"]
[EndTime "9:30:57 PDT"]
[Termination "gui_borba won on time"]

1. d4 Nf6 2. c4 e6 3. Nf3 d5 4. g3 c5 5. cxd5 Nxd5 6. Bg2 Nc6 7. O-O Be7 8. dxc5 Bxc5 9. a3 O-O 10. b4 Be7 11. Bb2 Bf6 12. Qb3 Bxb2 13. Qxb2 Qf6 14. Qxf6 Nxf6 15. Nc3 Rd8 16. Rfd1 Bd7 17. Rac1 Be8 18.
Nb5 Rxd1+ 19. Rxd1 a6 20. Nc7 Rc8 21. Nxe8 Rxe8 22.
Kf1 Kf8 23. Ke1 Ke7 24. Nd4 Nxd4 25. Rxd4 Rb8 26. Rc4 Kd6 27. Kd2 Nd7 28. Rh4 h6 29.
Rd4+ Ke7 30. h4 Nf6 31. Rc4 Kd6 32. Bf3 Nd7 33. h5 Ne5 34. Rd4+ Kc7 35. Bg2 b5 36. Kc2 Nc4 37. Kb3 Nd6 38. e3 Kd7 39. Rg4 Rg8 40. Bf3 Nf5 41. Be4 Nd6 42. Bd3 Ke7 43. Bh7 Rh8 44. Bd3 Rg8 45. a4 f5 46. Rd4 Rb8 47.
g4 e5 48. Rd5 Ke6 49. Rc5 fxg4 50. axb5 axb5 51. Bg6 Rf8 52. Rc2 Rf3 53. Bh7 g3 54. Bg8+ Ke7 55. fxg3 Rxe3+ 56. Kb2 Rxg3 57. Bd5 e4 58.
Re2 e3 59. Kc3 Kf6 60. Kd4 Nf5+ 61. Ke4 Rg4+ 62. Kf3 Rxb4 63. Be4 Rb3 64. Kf4 Nd4 65. Rg2 e2 66. Rg1 b4 67. Bd5 Rc3 68. Ke4 Nc2 69.
Rg6+ Ke7 70. Rxg7+ Kd6 71. Rg6+ Kc5 72. Rc6+ Kb5 73. Rxc3 e1=Q+ 0-1

[Event "*** SCC Grand Prix: Titled Tuesday Blitz"]
[Site "Chess.com"]
[Date "2020.06.09"]
[Round "3"]
[White "Salem-AR"]
[Black "giantslayer83"]
[Result "1/2-1/2"]
[WhiteElo "2974"]
[BlackElo "2711"]
[TimeControl "180+1"]
[EndTime "9:31:01 PDT"]
[Termination "Game drawn by agreement"]

1. d4 Nf6 2. c4 e6 3. Nf3 d5 4. Nc3 Bb4 5. e3 O-O 6. Bd3 b6 7. O-O Bb7 8. cxd5 exd5 9. a3 Bd6 10. b4 a6 11. Qb3 Nbd7 12. a4 Qe7 13. Rb1 Rae8 14. b5 a5 15. Ra1 Qe6 16. Ba3 Ne4 17. Rac1 Ndf6 18. Bxd6 cxd6 19. Ne2 Rc8 20. h3 g5 21. Bb1 h6 22. Qb2 Rxc1 23. Rxc1 Rc8 24. Rxc8+ Qxc8 25. Qc2 Qxc2 26. Bxc2 Bc8 27. Kf1 Kg7 28. Ke1 Be6 29. Nh2 Nd7 30. f3 Nef6 31. g4 Nf8 32. Nf1 Ng6 33. Nfg3 Nh4 34. Kf2 Bd7 35.
Nc3 Be6 36. Nge2 Kf8 37. f4 Ke7 38. f5 Bc8 39. Bb3 Bb7 40. Ng3 Kf8 41. Nf1 Ke7 42. Nd2 Kf8 43. Kg3 Ke7 44. Bd1 Kf8 45. Bf3 Nxf3 46.
Kxf3 Ke7 47. Kg3 Kf8 48. h4 Kg7 49. hxg5 hxg5 50. Nf3 Kh6 51. Nd2 Kg7 52. Nd1 Ne4+ 53. Nxe4 dxe4 54. Nc3 d5 55. Ne2 f6 56. Kf2 Kf7 57.
Ke1 Ke7 58. Kd2 Kf7 59. Kc3 Ke7 60. Ng3 Kf7 61. Nh5 Bc8 62. Kb3 Bb7 63. Kb2 Bc8 64.
Kc3 Bd7 65. Kb3 Bc8 66. Ng3 Bb7 67. Kb2 Ke7 68. Ne2 Kd6 69. Nc3 Kd7 70. Na2 Ke7 71. Nc1 Kd6 72. Kc3 Kd7 73. Nb3 Ke7 74. Nd2 Kd6 75. Nf1 Kd7 76. Ng3 Ke7 77. Kd2 Kf7 78. Kc2 Bc8 79. Kb3 Bb7 80. Kb2 Bc8 81. Ne2 Bb7 82.
Nc3 Ke7 83. Kc2 Kd7 84. Kb3 Ke7 85. Kb2 Kd7 86. Kc2 Kd6 87. Ne2 Kd7 88. Ng3 Ke7 89. Nh5 Kf7 90. Kc3 Bc8 91. Kb3 1/2-1/2

[Event "*** SCC Grand Prix: Titled Tuesday Blitz"]
[Site "Chess.com"]
[Date "2020.06.09"]
[Round "3"]
[White "Kopytkin"]
[Black "MisiekZielony"]
[Result "0-1"]
[WhiteElo "2331"]
[BlackElo "2125"]
[TimeControl "180+1"]
[EndTime "9:31:04 PDT"]
[Termination "MisiekZielony won on time"]

1. e4 Nf6 2. Nc3 d5 3. e5 Ne4 4.
Nce2 Nc5 5. Ng3 g6 6. d4 Ne6 7.
f4 Ng7 8. Nf3 h5 9. Bd3 Bg4 10.
h3 Bxf3 11. Qxf3 e6 12. Nf1 h4 13. Ne3 c6 14. c3 Be7 15. O-O Nf5 16. Rf2 Nd7 17. Bd2 Qb6 18. b4 a5 19. b5 cxb5 20. Rb1 b4 21. Nxf5 gxf5 22. Be3 Rc8 23. cxb4 axb4 24.
Rfb2 Nb8 25. Qe2 Nc6 26. Bb5 Kf8 27. Qd3 Rg8 28. Kh2 Rg3 29. Bxc6 Rxc6 30. Qe2 Qc7 31.
Bf2 Rg6 32. Qh5 Qd8 33. Qh8+ Rg8 34. Qh6+ Ke8 35. Be1 Kd7 36. Bd2 b6 37. Kh1 Qc7 38.
Qh7 Rf8 39. Qh5 Rc4 40. Qd1 Rxd4 41. Qa4+ Qc6 42. Qa7+ Qc7 43. Qa4+ Qc6 44. Qa6 Rc8 45. Be3 Rc4 46. Kh2 Ke8 47. Qxb6 Qxb6 48. Bxb6 Kd7 49. Be3 Re4 50. Bd2 Rcc4 51. Rb3 Rcd4 52. Be1 Rxf4 53. a3 Rc4 54. Bxb4 Bxb4 55. axb4 Kc6 56. b5+ Kb6 57. Ra3 Rb4 58. Ra6+ Kxb5 59. Rxb4+ Rxb4 60. Ra7 Re4 61. Rxf7 Rxe5 62. Rh7 Re4 63. Kg1 d4 64. Kf2 Kc4 65. Rc7+ Kd5 66. Kf3 Ke5 67. Rc5+ Kf6 68. Rc6 Ke5 69. Rc5+ Kf6 70. Rc6 Re3+ 71. Kf2 Rg3 72. Rd6 Ke5 73. Rc6 Ke4 74. Rxe6+ Kf4 75. Rd6 d3 76. Rd4+ Ke5 77. Rxh4 Rg7 0-1

[Event "*** SCC Grand Prix: Titled Tuesday Blitz"]
[Site "Chess.com"]
[Date "2020.06.09"]
[Round "3"]
[White "VitaliyBernadskiy"]
[Black "GHANDEEVAM2003"]
[Result "1/2-1/2"]
[WhiteElo "2702"]
[BlackElo "2974"]
[TimeControl "180+1"]
[EndTime "9:31:07 PDT"]
[Termination "Game drawn by agreement"]

1. e4 c5 2. Nc3 e6 3. Nf3 a6 4. g3 b5 5. Bg2 Bb7 6. d4 cxd4 7.
Nxd4 d6 8. O-O Qc7 9. Re1 Nf6 10. a4 b4 11. Nd5 Nxd5 12. exd5 e5 13. f4 g6 14. fxe5 dxe5 15. Bf4 Bd6 16. Bxe5 Bxe5 17. d6 Qxd6 18. Bxb7 Ra7 19. Nc6 Qc5+ 20. Qd4 Qxd4+ 21. Nxd4 O-O 22. Rxe5 Rxb7 23. Rae1 Rd7 24. c3 bxc3 25.
bxc3 Rc7 26. R1e3 Kg7 27. Re7 Rxe7 28. Rxe7 Rc8 29. Rb7 Nc6 30. Ne6+ Kf6 31. Nf4 Ne5 32. Ra7 Kf5 33. Ne2 Rb8 34. Rxa6 Rb2 35. Nd4+ Kg4 36. Rf6 Kh3 37. Rf2 Rb1+ 38. Rf1 Rb2 39. Rf2 Rb8 40. Rf4 g5 41. Rf6 Rb1+ 42. Rf1 Rb6 43. Nf3 Nxf3+ 44.
Rxf3 f6 45. a5 Rd6 46. Rf1 Rd2 47. Rxf6 Rg2+ 48. Kf1 Ra2 49. Rh6+ Kg4 50. Rxh7 Kf3 51. Ke1 Rxa5 52. Kd2 g4 53. Kd3 Ra4 54. Kc2 Ra2+ 55. Kb3 Ra8 56. Rf7+ Kg2 57. Rf4 Rg8 58. Re4 Kxh2 59. Re3 Rf8 60. Re4 Kxg3 61. c4 Kf3 62. Re7 g3 63. Rg7 g2 64. c5 Rf4 65. c6 Rf6 66. c7 Rc6 67. Rf7+ Kg3 68. Rg7+ Kf2 69. Rf7+ Kg1 70. Kb4 Kh2 71. Rh7+ Kg3 72. Rg7+ Kf3 73. Rf7+ Ke4 74. Rg7 Kf3 75. Rf7+ Ke3 76. Rg7 Kf2 77.
Rf7+ Ke2 78. Rg7 Rxc7 79. Rxg2+ Kf3 80. Rb2 1/2-1/2

[Event "*** SCC Grand Prix: Titled Tuesday Blitz"]
[Site "Chess.com"]
[Date "2020.06.09"]
[Round "3"]
[White "szachuspl"]
[Black "ChronicUnhappiness"]
[Result "1-0"]
[WhiteElo "2552"]
[BlackElo "2320"]
[TimeControl "180+1"]
[EndTime "9:31:09 PDT"]
[Termination "szachuspl won by checkmate"]

1. d4 d5 2. c4 e6 3. Nc3 Bb4 4. Qa4+ Nc6 5. Nf3 Nf6 6. e3 O-O 7. Qc2 a6 8. Bd2 Bd6 9. c5 Be7 10.
a3 e5 11. b4 exd4 12. exd4 Ne4 13. Be3 Bf6 14. O-O-O Bf5 15. Bd3 Nxc3 16. Qxc3 Be4 17. Bxe4 dxe4 18. Ne5 Qe7 19. Ng4 Rad8 20. Qc4 Bg5 21. d5 h5 22. Bxg5 Qxg5+ 23. Ne3 Ne7 24. Qxe4 Rfe8 25. h4 Qf6 26. Qc4 Qxf2 27. Nc2 Nf5 28. Rhf1 Ne3 29. Rxf2 Nxc4 30. Rd3 Re5 31. Rc3 b5 32. cxb6 Nxb6 33. Rxc7 f6 34. Rc6 Nxd5 35.
Rd2 Rde8 36. Rxa6 Rc8 37. Ra5 Re1+ 38. Kb2 Nf4 39. Rc5 Rce8 40. Rc4 Ne2 41. b5 Ng3 42. b6 Ne4 43. Rd3 Rb8 44. Rb4 Nc5 45. Rc3 Re5 46. a4 Nxa4+ 47. Rxa4 Rxb6+ 48. Rb4 Rbe6 49. Rcc4 Re2 50.
g3 R6e3 51. Rb3 Re4 52. Rxe4 Rxe4 53. Re3 Rg4 54. Kc3 Kh7 55. Kd3 Kg6 56. Ke2 Rc4 57. Ne1 Rb4 58. Kf3 Ra4 59. Ng2 Rb4 60. Nf4+ Kh6 61. Rd3 Ra4 62. Ne6 Rb4 63. Nd4 Ra4 64.
Nf5+ Kg6 65. Ne3 Rb4 66. Rd5 Ra4 67. Ng2 Ra3+ 68. Kf2 Ra2+ 69. Kg1 Ra1+ 70. Kh2 Ra4 71. Nf4+ Kf7 72. Nxh5 Rb4 73. Nf4 Rb7 74. h5 Re7 75.
Kh3 Re4 76. Kg4 Re1 77. Rd7+ Kg8 78. Ra7 Kh7 79. Rb7 Re8 80. Ng6 Rd8 81. Nh4 Rd4+ 82. Kh3 Rd5 83. g4 Rd3+ 84. Kg2 Rd8 85. Nf5 Rg8 86. Kg3 Kh8 87. Kf4 g6 88. Nh6 g5+ 89.
Kf5 Rf8 90. Nf7+ Kg8 91. Nd6 Kh8 92. Ne4 Kg8 93. Nxf6+ Kh8 94. Rh7# 1-0

[Event "*** SCC Grand Prix: Titled Tuesday Blitz"]
[Site "Chess.com"]
[Date "2020.06.09"]
[Round "3"]
[White "Shushik"]
[Black "bazar-wokzal"]
[Result "0-1"]
[WhiteElo "2169"]
[BlackElo "2373"]
[TimeControl "180+1"]
[EndTime "9:31:12 PDT"]
[Termination "bazar-wokzal won on time"]

1. e4 Nc6 2. d4 d5 3. e5 h5 4. f4 Bg4 5. Be2 Qd7 6. Nf3 O-O-O 7. Be3 Nh6 8. Nc3 e6 9. Qd2 Bb4 10. a3 Bxc3 11. Qxc3 Nf5 12. Bf2 f6 13. O-O-O fxe5 14.
dxe5 Bxf3 15. Bxf3 Kb8 16. h3 h4 17. Qc5 b6 18.
Qc3 Nce7 19. Qb3 Nc6 20. Be2 Na5 21. Qc3 Qc6 22. Qb4 Qb7 23. Kb1 c5 24. Bxc5 Nc6 25.
Qc3 bxc5 26. Qxc5 Qb6 27. Qc3 Rc8 28. Qe1 Ne3 29. Rd3 Ka8 30. Rb3 Qc5 31. Rc3 Qd4 32. Ba6 Rb8 33. Qxe3 Rb6 34. Qxd4 Nxd4 35. Bd3 Rf8 36. Rf1 Rb7 37. Bg6 Ne2 38. Rcf3 Ng3 39. R1f2 a5 40. b3 Ka7 41. Kc1 Rc7 42. Kd1 Kb6 43.
Kd2 a4 44. b4 Rc4 45. Bd3 Rc7 46. Bg6 Rc4 47. Bd3 Ne4+ 48. Bxe4 Rxe4 49. c3 Kb5 50. Kc2 Kc4 51. Kd2 Kb3 52. Rf1 Kxa3 53. Ra1+ Kb3 54. Rb1+ Kc4 55. Ra1 Rfxf4 56. Rxa4 Rxf3 57. gxf3 Rxe5 58.
Ra7 Rg5 59. Rc7+ Kb5 60. Rc5+ Kb6 61. Rc8 Rg3 62. Rg8 Rxh3 63. Rxg7 Rxf3 64. Rg6 d4 65. Rxe6+ Kb5 66. Re5+ Kc4 67. Re4 Rxc3 68. Rxh4 Rb3 69.
Kc2 Rxb4 70. Rh8 d3+ 71. Kd1 Kc3 72. Rc8+ Rc4 73. Rd8 Rh4 74. Rc8+ Rc4 0-1

[Event "*** SCC Grand Prix: Titled Tuesday Blitz"]
[Site "Chess.com"]
[Date "2020.06.09"]
[Round "3"]
[White "PavelChernomordik"]
[Black "Azatic"]
[Result "1-0"]
[WhiteElo "2280"]
[BlackElo "2491"]
[TimeControl "180+1"]
[EndTime "9:31:32 PDT"]
[Termination "PavelChernomordik won by resignation"]

1. e4 c5 2. Nf3 e6 3. g3 Nc6 4. Bg2 d6 5. O-O Nf6 6. d3 Be7 7. Qe2 Qc7 8. c3 e5 9. Bg5 O-O 10. a4 h6 11. Bxf6 Bxf6 12. Nbd2 Be6 13. Nc4 d5 14.
exd5 Bxd5 15. Nfd2 Bxg2 16. Kxg2 Rad8 17. Ne4 Be7 18. g4 Qd7 19. Rfd1 Qe6 20. Ne3 g6 21.
Ng3 Bg5 22. Ne4 Be7 23. Kh1 Kh7 24. Rg1 b6 25. g5 h5 26. Nc4 Kg7 27. Qf3 Qf5 28.
Qg3 h4 29. Qe3 Rd7 30. Rad1 Rfd8 31. Rd2 Re8 32. h3 Nd8 33. Rg4 Ne6 34. Rxh4 Nxg5 35. Ng3 Qf3+ 36. Qxf3 Nxf3 37. Rg4 Nxd2 38. Nxd2 Kf8 39.
Nc4 Bf6 40. Ne4 Bg7 41. Rg3 Red8 42. Re3 Rxd3 43. Kg2 Rxe3 44. fxe3 Bh6 45. Nxe5 Bxe3 46. Nc6 Re8 47. Kf3 Bc1 48. Nxa7 Bxb2 49. Nb5 Bc1 50. a5 bxa5 51. Nxc5 Kg7 52. Nb3 Bg5 53. Nxa5 Re5 54. c4 Rc5 55. Ke4 Be7 56. Kd4 Rh5 57. Nc6 Bf6+ 58. Ke4 Rxh3 59. Nd6 Rh4+ 60. Kd5 Rh1 61.
Ne8+ Kf8 62. Nxf6 Rd1+ 63. Kc5 g5 64. Ne4 g4 65. Ne5 Re1 66. Kd5 f5 67. Ng5 g3 68. Nef3 g2 69. c5 Ke7 70. c6 f4 71.
Nh3 Re3 72. Nhg1 Kd8 73. Kd6 Kc8 74. Ne5 Re1 75. Nef3 Re4 76. Kd5 Re3 77. Kd6 Re1 78.
Nxe1 f3 79. Nexf3 Kd8 80. Ne1 Kc8 81. Nxg2 Kd8 82. Nf4 Kc8 83. Nd5 Kd8 84. c7+ Kc8 85. Ne7+ Kb7 86. c8=Q+ Ka7 87. Qc5+ Kb8 88. Qc7+ Ka8 89.
Qa5+ Kb7 90. Nc6 Kc8 1-0